 Dungeon Crawl Stone Soup version 0.22.1-1-ga44c0e5 (webtiles) character file.

722 Velaskes the Slasher (level 7, -1/55 HPs)
             Began as a Demonspawn Chaos Knight on Nov 1, 2018.
             Slain by Duvessa
             ... wielding a +1 short sword of speed
              (12 damage)
             ... on level 4 of the Dungeon.
             The game lasted 00:20:50 (4311 turns).

Velaskes the Slasher (Demonspawn Chaos Knight)      Turns: 4311, Time: 00:20:51

Health: -1/55      AC: 12    Str: 14    XL:     7   Next: 43%
Magic:  16/16      EV: 10    Int: 14    God:    Xom [......]
Gold:   31         SH:  0    Dex: 14    Spells: 6/6 levels left

rFire    . . .     SeeInvis .   a - +0 falchion (chaos)
rCold    . . .     Gourm    .   (no shield)
rNeg     . . .     Faith    .   d - +1 scale mail
rPois    .         Spirit   .   (helmet restricted)
rElec    +         Reflect  .   (no cloak)
rCorr    +         Harm     .   f - +0 pair of gloves
MR       .....                  (no boots)
Stlth    ++........             (no amulet)
HPRegen  0.18/turn              i - ring of resist corrosion
MPRegen  0.15/turn              e - ring of magical power

@: no status effects
A: horns 1, yellow scales 2, agile 1, high mp 1, nightstalker 1, electricity
resistance
a: Renounce Religion


You were on level 4 of the Dungeon.
You worshipped Xom.
You were a very special plaything of Xom.
You were very hungry.

You visited 1 branch of the dungeon, and saw 4 of its levels.

You collected 167 gold pieces.
You spent 136 gold pieces at shops.

Inventory:

Hand Weapons
 a - a +0 falchion of chaos (weapon)
 g - a +0 quarterstaff
Armour
 b - a +2 leather armour
 d - a +1 scale mail (worn)
 f - a +0 pair of gloves (worn)
Magical Staves
 q - an uncursed staff of power {unknown}
Jewellery
 e - a ring of magical power (right hand)
 i - a ring of resist corrosion (left hand)
Wands
 k - a wand of iceblast (8)
 n - a wand of polymorph (8)
 p - a wand of digging (13)
Scrolls
 h - 2 scrolls of noise
 j - 2 scrolls of identify
 l - 2 scrolls of remove curse
 o - 2 scrolls of teleportation
Potions
 m - a potion of degeneration
Comestibles
 c - 3 rations


   Skills:
 + Level 4.5 Fighting
 + Level 5.8 Long Blades
 + Level 3.3 Armour
 + Level 2.1 Dodging
 + Level 2.4 Stealth
 + Level 0.1 Evocations


You had 6 spell levels left.
You didn't know any spells.
Your spell library was empty.

Dungeon Overview and Level Annotations

Branches:
Dungeon (4/15)
 Temple: D:4-7

Altars:
Xom

Shops:
D:4 ?

Annotations:
D:4 Dowan, Duvessa


Innate Abilities, Weirdness & Mutations

You have a pair of small horns on your head.
You are mostly covered in yellow scales. (AC +3)
You are slightly more attuned to the shadows.
You are agile. (Dex +2)
You have an increased reservoir of magic. (+10% MP)
You are resistant to electric shocks. (rElec)


Message History

You feel less confused.
Duvessa hits you with a short sword of speed.
There is a stone staircase leading down, spattered with blood here.
You hit Duvessa.
Duvessa shakes off her lethargy.
Duvessa goes berserk!
Duvessa is severely wounded.
Duvessa hits you with a short sword of speed.
* * * LOW HITPOINT WARNING * * *
The crimson imp hits you.
* * * LOW HITPOINT WARNING * * *
Duvessa misses you.
The crimson imp hits you but does no damage.
Your attacks no longer feel as feeble.
The crimson imp disappears in a puff of smoke!
Duvessa misses you.
You riposte.
You closely miss Duvessa.
Duvessa is severely wounded.
Duvessa barely misses you.
Dowan says, "Magic and the sword, together, will defeat you."
Duvessa hits you with a short sword of speed!
You die...
Xom guffaws!

#. ####### #. #.....# #.##
#.....# #..# #.....# ####.####
#.....# #.....[.###.....#
#.##†#..5e....#
#.##.#e>####..#
#.##.@....##..#
########.####..#.##.e#
#..........##..#.##.......
#.##.#.#........).........
#####.##.#.###.#####..........
...##.#.....# .# ####.....#
.#.##.#..#..# <# ....##
.#.##.#..#..# .# .####
.#........... .#


You could see Duvessa (berserk), Dowan and a shadow imp.

Vanquished Creatures
  Grinder (D:3)
  A boggart (D:3)
  A water moccasin skeleton (D:4)
  3 orc wizards (D:3)
  Jessica (D:2)
  Ijyb (D:3)
  A worker ant (D:4)
  Natasha (twice) (D:3)
  Terence (D:3)
  8 adders
  An ooze (D:1)
  A dart slug (D:3)
  3 leopard geckos
  5 orcs (D:3)
  5 giant cockroaches
  9 goblins
  10 hobgoblins
  15 kobolds
  A ball python (D:1)
  7 bats
  4 frilled lizards
  14 rats
95 creatures vanquished.

Vanquished Creatures (others)
  An adder (D:2)
1 creature vanquished.

Grand Total: 96 creatures vanquished

Notes
Turn   | Place    | Note
-------+----------+-------------------------------------------
     0 | D:1      | Velaskes the Demonspawn Chaos Knight began the quest for
                  | the Orb.
     0 | D:1      | Reached XP level 1. HP: 18/18 MP: 1/1
   262 | D:1      | Gained mutation: You are partially covered in yellow
                  | scales. (AC +2) [demonic ancestry]
   262 | D:1      | Reached XP level 2. HP: 17/24 MP: 2/2
   461 | D:1      | XOM: divination: detect creatures
   477 | D:1      | Reached skill level 3 in Long Blades
   693 | D:1      | Reached skill level 1 in Dodging
  1074 | D:1      | Gained mutation: You are mostly covered in yellow scales.
                  | (AC +3) [demonic ancestry]
  1074 | D:1      | Reached XP level 3. HP: 29/29 MP: 3/3
  1508 | D:2      | Noticed Jessica
  1516 | D:2      | XOM: cleaving
  1527 | D:2      | Killed Jessica
  1527 | D:2      | Reached skill level 1 in Stealth
  1527 | D:2      | Reached XP level 4. HP: 5/35 MP: 4/4
  1900 | D:2      | XOM: god gift: shiny scale mail {god gift}
  1970 | D:2      | XOM: 1-stop teleportation journey
  2016 | D:2      | XOM: scenery: create altars
  2110 | D:2      | XOM: god gift: quarterstaff {god gift}
  2241 | D:2      | XOM: give mutations
  2241 | D:2      | Gained mutation: You are agile. (Dex +2) [Xom's grace]
  2241 | D:2      | Gained mutation: You have an increased reservoir of magic.
                  | (+10% MP) [Xom's grace]
  2241 | D:2      | Gained mutation: You have a pair of small antennae on your
                  | head. [Xom's grace]
  2241 | D:2      | Gained mutation: You are resistant to electric shocks.
                  | (rElec) [Xom's grace]
  2336 | D:3      | Lost mutation: You have a pair of small antennae on your
                  | head. [demonic ancestry]
  2336 | D:3      | Gained mutation: You have a pair of small horns on your
                  | head. [demonic ancestry]
  2336 | D:3      | Reached XP level 5. HP: 41/42 MP: 5/5
  2342 | D:3      | Noticed Ijyb
  2367 | D:3      | Killed Ijyb
  2367 | D:3      | Reached skill level 4 in Long Blades
  2601 | D:3      | Noticed a crocodile
  2601 | D:3      | a worm changed into a crocodile
  2615 | D:3      | XOM: cleaving
  2619 | D:3      | Noticed a boggart
  2619 | D:3      | a crocodile changed into a boggart
  2619 | D:3      | XOM: polymorph crocodile -> boggart
  2629 | D:3      | Killed a boggart
  2926 | D:3      | Found a faded altar of an unknown god.
  2940 | D:3      | Noticed Grinder
  2941 | D:3      | Noticed Terence
  2947 | D:3      | Paralysed by Grinder for 6 turns
  2975 | D:3      | XOM: confuse monster(s)
  2976 | D:3      | Killed Terence
  2976 | D:3      | Reached XP level 6. HP: 24/48 MP: 6/6
  2983 | D:3      | XOM: fog
  3167 | D:3      | XOM: 1-stop teleportation journey
  3300 | D:3      | XOM: summons 2 hostile shadow creatures
  3314 | D:3      | Paralysed by Grinder for 5 turns
  3330 | D:3      | Killed Grinder
  3330 | D:3      | Reached skill level 5 in Long Blades
  3330 | D:3      | Gained mutation: You are slightly more attuned to the
                  | shadows. [demonic ancestry]
  3330 | D:3      | Reached XP level 7. HP: 54/54 MP: 7/7
  3385 | D:3      | Noticed Sigmund
  3395 | D:3      | XOM: harmless Ice miscast
  3398 | D:3      | Noticed Sigmund
  3398 | D:3      | Sigmund changed into Sigmund the adder
  3398 | D:3      | XOM: polymorph Sigmund -> Sigmund the adder
  3404 | D:3      | Killed Sigmund the adder
  3408 | D:3      | XOM: fog
  3696 | D:3      | Noticed Natasha
  3702 | D:3      | Killed Natasha
  3757 | D:3      | Noticed Natasha
  3766 | D:3      | Killed Natasha
  4099 | D:4      | Found Rotaw's Magic Scroll Shoppe.
  4145 | D:4      | Bought a scroll of enchant armour for 97 gold pieces
  4145 | D:4      | Bought a scroll of remove curse for 39 gold pieces
  4277 | D:4      | Noticed Dowan
  4277 | D:4      | Noticed Duvessa
  4282 | D:4      | XOM: summons 3 hostile demons
  4292 | D:4      | XOM: blink monster(s)
  4300 | D:4      | XOM: medium Tmut miscast
  4303 | D:4      | XOM: confusion
  4311 | D:4      | Slain by Duvessa

Skill      XL: |  1  2  3  4  5  6 |
---------------+-------------------+-----
Armour         | 2 3 |  3.3
Long Blades    | 3 4 5 |  5.8
Dodging        | 1 2 |  2.1
Stealth        | 1 2 |  2.4
Fighting       | 4 |  4.5
Evocations     | |  0.1

Action                   |  1- 3 |  4- 6 |  7- 9 || total
-------------------------+-------+-------+-------++-------
Melee: Falchion          |    97 |   154 |   100 ||   351
       Headbutt          |       |    13 |    22 ||    35
       Unarmed           |       |     4 |       ||     4
Evoke: Wand              |       |     1 |       ||     1
  Use: Scroll            |     4 |     1 |     1 ||     6
       Potion            |     3 |     2 |     3 ||     8
 Stab: Petrifying        |     1 |     2 |       ||     3
       Sleeping          |     2 |       |     2 ||     4
       Confused          |     1 |       |     1 ||     2
       Paralysed         |       |     5 |       ||     5
  Eat: Ration            |     1 |     2 |       ||     3
Armor: Leather armour    |    40 |     6 |       ||    46
       Scale mail        |       |   102 |    57 ||   159
Dodge: Dodged            |    56 |    85 |    47 ||   188
       Rpst.: Falchion   |    20 |    26 |    10 ||    56
